| TOP OF THE 1ST |
|
Oakland Athletics batting - Pitching for Minnesota Twins : RHP Gerbrand van de Bilt
|
|
Pitching: RHP Gerbrand van de Bilt
|
|
|
Batting: RHB Randy Shrewsbury
|
0-0: Ball 1-0: Foul Ball, location: 2F 1-1: Ball 2-1: Foul Ball, location: 2F 2-2: Foul Ball, location: 2F 2-2: Ball 3-2: Strikes out swinging
|
|
Batting: LHB Tom Butterbaugh
|
0-0: Ball 1-0: Foul Ball, location: 2F 1-1: DOUBLE (Groundball, 3L, EV 110.0 MPH)
|
|
Batting: RHB Muneo Kawachi
|
0-0: Called Strike 0-1: Swinging Strike 0-2: Ground out 5-3 (Groundball, 56, EV 102.5 MPH)
|
|
Batting: LHB Bob Branham
|
0-0: Ball 1-0: Foul Ball, location: 2F 1-1: Called Strike 1-2: Ball 2-2: Ball 3-2: Base on Balls
|
|
Batting: LHB Juan Concepcion
|
0-0: Called Strike 0-1: Swinging Strike 0-2: Ball 1-2: SINGLE (Flyball, 8LS, EV 94.4 MPH) Tom Butterbaugh to third Bob Branham to second Runner from 3rd tries for Home, SAFE, throw by CF to home
|
|
Batting: SHB Quincy Bradford
|
0-0: Ball 1-0: Ball 2-0: Called Strike 2-1: Foul Ball, location: 2F 2-2: Foul Ball, location: 2F 2-2: Strikes out looking
|
| Top of the 1st over - 1 run, 2 hits, 0 errors, 2 left on base; Oakland 1 - Minnesota 0 |
| BOTTOM OF THE 1ST |
|
Minnesota Twins batting - Pitching for Oakland Athletics : RHP Melvin Medellin
|
|
Pitching: RHP Melvin Medellin
|
|
|
Batting: RHB Greg Harman
|
0-0: Foul Ball, location: 2F 0-1: Foul Ball, location: 2F 0-2: Ball 1-2: SINGLE (Line Drive, 8LS, EV 107.5 MPH)
|
|
Batting: LHB Per Meulengracht
|
0-0: Ball 1-0: Ball Greg Harman is caught stealing 2nd base 2-6 2-0: Called Strike 2-1: Ball 3-1: Called Strike 3-2: Strikes out swinging, 2-3 out at first.
|
|
Batting: LHB Ryan Flynn Jr.
|
0-0: Ball 1-0: Ball 2-0: Foul Ball, location: 2F 2-1: Fly out, F4 (Line Drive, 4, EV 71.9 MPH)
|
| Bottom of the 1st over - 0 runs, 1 hit, 0 errors, 0 left on base; Oakland 1 - Minnesota 0 |
| TOP OF THE 2ND |
|
Oakland Athletics batting - Pitching for Minnesota Twins : RHP Gerbrand van de Bilt
|
|
Batting: LHB R.J. O'Brien
|
0-0: Called Strike 0-1: Called Strike 0-2: Strikes out swinging
|
|
Batting: LHB Jeff Luvisi
|
0-0: Ball 1-0: Ground out U3 (Groundball, 3, EV 86.2 MPH)
|
|
Batting: LHB Al Hernandez
|
0-0: Ball 1-0: Called Strike 1-1: Fly out, F7 (Flyball, 7LM, EV 88.1 MPH)
|
| Top of the 2nd over - 0 runs, 0 hits, 0 errors, 0 left on base; Oakland 1 - Minnesota 0 |
| BOTTOM OF THE 2ND |
|
Minnesota Twins batting - Pitching for Oakland Athletics : RHP Melvin Medellin
|
|
Batting: RHB Miguel Gonzalez
|
0-0: Called Strike 0-1: Ball 1-1: Foul Ball, location: 2F 1-2: Strikes out swinging
|
|
Batting: RHB Will Leslie
|
0-0: Foul Ball, location: 2F 0-1: Ball 1-1: Ground out 5-3 (Groundball, 25, EV 86.9 MPH)
|
|
Batting: LHB Harris Vink
|
0-0: Swinging Strike 0-1: Ball 1-1: Fly out, F9 (Flyball, 9LM, EV 86.2 MPH)
|
| Bottom of the 2nd over - 0 runs, 0 hits, 0 errors, 0 left on base; Oakland 1 - Minnesota 0 |
| TOP OF THE 3RD |
|
Oakland Athletics batting - Pitching for Minnesota Twins : RHP Gerbrand van de Bilt
|
|
Batting: RHB Randy Shrewsbury
|
0-0: Called Strike 0-1: Foul Ball, location: 2F 0-2: Strikes out swinging
|
|
Batting: LHB Tom Butterbaugh
|
0-0: Ball 1-0: Ball 2-0: Ground out 4-3 (Groundball, 4, EV 102.5 MPH)
|
|
Batting: RHB Muneo Kawachi
|
0-0: Foul Ball, location: 2F 0-1: Ball 1-1: Ball 2-1: Ball 3-1: SINGLE (Line Drive, 6D, EV 103.1 MPH)
|
|
Batting: LHB Bob Branham
|
0-0: Called Strike Muneo Kawachi is caught stealing 2nd base 2-6
|
| Top of the 3rd over - 0 runs, 1 hit, 0 errors, 0 left on base; Oakland 1 - Minnesota 0 |
| BOTTOM OF THE 3RD |
|
Minnesota Twins batting - Pitching for Oakland Athletics : RHP Melvin Medellin
|
|
Batting: LHB Ricardo Batista
|
0-0: Ground out 6-3 (Groundball, 4M, EV 83.8 MPH)
|
|
Batting: RHB Matt Dunn
|
0-0: Swinging Strike 0-1: Ball 1-1: SINGLE (Line Drive, 9LS, EV 98.8 MPH)
|
|
Batting: RHB John Creel
|
0-0: Ball 1-0: Called Strike 1-1: Swinging Strike 1-2: Ball 2-2: Ball 3-2: Base on Balls Matt Dunn to second
|
|
Batting: RHB Greg Harman
|
0-0: Called Strike 0-1: Ball 1-1: Swinging Strike 1-2: Fly out, F8 (Line Drive, 8LM, EV 90.6 MPH) Runner from 2nd tags up, SAFE at 3rd with throw by CF
|
|
Batting: LHB Per Meulengracht
|
0-0: Ball 1-0: Ball 2-0: Ball 3-0: Base on Balls John Creel to second
|
|
Batting: LHB Ryan Flynn Jr.
|
0-0: SINGLE (Groundball, 56, EV 98.1 MPH) Matt Dunn scores John Creel to third Per Meulengracht to second Runner from 3rd tries for Home, throw by LF and OUT! 7-2
|
| Bottom of the 3rd over - 1 run, 2 hits, 0 errors, 2 left on base; Oakland 1 - Minnesota 1 |
| TOP OF THE 4TH |
|
Oakland Athletics batting - Pitching for Minnesota Twins : RHP Gerbrand van de Bilt
|
|
Batting: LHB Bob Branham
|
0-0: Called Strike 0-1: Foul Ball, location: 2F 0-2: Foul Ball, location: 2F 0-2: Ground out 4-3 (Groundball, 4M, EV 83.1 MPH)
|
|
Batting: LHB Juan Concepcion
|
0-0: Ball 1-0: Swinging Strike 1-1: Foul Ball, location: 2F 1-2: Strikes out swinging
|
|
Batting: SHB Quincy Bradford
|
0-0: Ball 1-0: Ball 2-0: SINGLE (Groundball, 34D, EV 106.9 MPH)
|
|
Batting: LHB R.J. O'Brien
|
0-0: Ball 1-0: Foul Ball, location: 2F 1-1: Ball 2-1: Ball 3-1: Foul Ball, location: 2F 3-2: Base on Balls Quincy Bradford to second
|
|
Batting: LHB Jeff Luvisi
|
0-0: Ball 1-0: Ball 2-0: Ball 3-0: Called Strike 3-1: SINGLE (Groundball, 4M, EV 106.9 MPH) (infield hit) Quincy Bradford to third R.J. O'Brien to second
|
|
Batting: LHB Al Hernandez
|
0-0: Ball 1-0: Called Strike 1-1: Ball 2-1: Ball 3-1: Base on Balls Quincy Bradford scores R.J. O'Brien to third Jeff Luvisi to second
|
|
Batting: RHB Randy Shrewsbury
|
0-0: Foul Ball, location: 2F 0-1: Ball 1-1: SINGLE (Groundball, 56S, EV 66.2 MPH) (infield hit) R.J. O'Brien scores Jeff Luvisi to third Al Hernandez to second
|
|
Batting: LHB Tom Butterbaugh
|
0-0: Swinging Strike 0-1: Foul Ball, location: 2F 0-2: Ball 1-2: Strikes out swinging
|
| Top of the 4th over - 2 runs, 3 hits, 0 errors, 3 left on base; Oakland 3 - Minnesota 1 |
| BOTTOM OF THE 4TH |
|
Minnesota Twins batting - Pitching for Oakland Athletics : RHP Melvin Medellin
|
|
Batting: RHB Miguel Gonzalez
|
0-0: Called Strike 0-1: Fly out, F4 (Line Drive, 4, EV 70.6 MPH)
|
|
Batting: RHB Will Leslie
|
0-0: Called Strike 0-1: Ball 1-1: Ball 2-1: Ball 3-1: Fly out, F4 (Popup, 4M, EV 60.0 MPH)
|
|
Batting: LHB Harris Vink
|
0-0: Ball 1-0: Ball 2-0: SINGLE (Groundball, 56D, EV 101.2 MPH)
|
|
Batting: LHB Ricardo Batista
|
0-0: Foul Ball, location: 2F 0-1: Called Strike 0-2: Ball 1-2: Fly out, F6 (Popup, 6, EV 55.6 MPH)
|
| Bottom of the 4th over - 0 runs, 1 hit, 0 errors, 1 left on base; Oakland 3 - Minnesota 1 |
| TOP OF THE 5TH |
|
Oakland Athletics batting - Pitching for Minnesota Twins : RHP Gerbrand van de Bilt
|
|
Batting: RHB Muneo Kawachi
|
0-0: SINGLE (Flyball, 9S, EV 88.1 MPH)
|
|
Batting: LHB Bob Branham
|
0-0: Ball 1-0: Ball 2-0: Called Strike 2-1: Foul Ball, location: 2F 2-2: Foul Ball, location: 2F 2-2: Strikes out swinging
|
|
Batting: LHB Juan Concepcion
|
0-0: Ball Muneo Kawachi is caught stealing 2nd base 2-6 1-0: SOLO HOME RUN (Flyball, 7D, EV 93.1 MPH), Distance : 369 ft
|
|
Batting: SHB Quincy Bradford
|
0-0: Called Strike 0-1: Ball 1-1: Ball 2-1: Foul Ball, location: 2F 2-2: SINGLE (Line Drive, 4D, EV 101.9 MPH)
|
|
Batting: LHB R.J. O'Brien
|
0-0: Ground out 5-3 (Groundball, 56S, EV 83.8 MPH)
|
| Top of the 5th over - 1 run, 3 hits, 0 errors, 1 left on base; Oakland 4 - Minnesota 1 |
| BOTTOM OF THE 5TH |
|
Minnesota Twins batting - Pitching for Oakland Athletics : RHP Melvin Medellin
|
|
Batting: RHB Matt Dunn
|
0-0: Called Strike 0-1: Ball 1-1: Ball 2-1: Called Strike 2-2: Foul Ball, location: 2F 2-2: Strikes out swinging
|
|
Batting: RHB John Creel
|
0-0: Called Strike 0-1: Ground out 6-3 (Groundball, 6, EV 81.9 MPH)
|
|
Batting: RHB Greg Harman
|
0-0: Ball 1-0: Called Strike 1-1: Ball 2-1: Ball 3-1: Base on Balls
|
|
Batting: LHB Per Meulengracht
|
0-0: Ball 1-0: Ball 2-0: Foul Ball, location: 2F 2-1: Foul Ball, location: 2F 2-2: Strikes out looking
|
| Bottom of the 5th over - 0 runs, 0 hits, 0 errors, 1 left on base; Oakland 4 - Minnesota 1 |
| TOP OF THE 6TH |
|
Oakland Athletics batting - Pitching for Minnesota Twins : RHP Gerbrand van de Bilt
|
|
Batting: LHB Jeff Luvisi
|
0-0: Ball 1-0: Ball 2-0: Ball 3-0: Called Strike 3-1: SINGLE (Flyball, 6D, EV 88.1 MPH)
|
|
Pitching: RHP Andrew Kindig
|
|
|
Batting: LHB Al Hernandez
|
0-0: Ball Jeff Luvisi steals 2nd base 1-0: Ball 2-0: Foul Ball, location: 2F 2-1: 2-RUN HOME RUN (Flyball, 9LD, EV 96.9 MPH), Distance : 366 ft
|
|
Batting: RHB Randy Shrewsbury
|
0-0: Swinging Strike 0-1: Swinging Strike 0-2: Strikes out swinging
|
|
Batting: LHB Tom Butterbaugh
|
0-0: Ball 1-0: Swinging Strike 1-1: TRIPLE (Flyball, 78XD, EV 102.5 MPH)
|
|
Batting: RHB Muneo Kawachi
|
0-0: Ball 1-0: Ball 2-0: Swinging Strike 2-1: Ball 3-1: Called Strike 3-2: Strikes out swinging
|
|
Batting: LHB Bob Branham
|
0-0: Ball 1-0: Ball 2-0: Foul Ball, location: 2F 2-1: Ball 3-1: Ground out 4-3 (Groundball, 4, EV 87.5 MPH)
|
| Top of the 6th over - 2 runs, 3 hits, 0 errors, 1 left on base; Oakland 6 - Minnesota 1 |
| BOTTOM OF THE 6TH |
|
Minnesota Twins batting - Pitching for Oakland Athletics : RHP Melvin Medellin
|
|
Batting: LHB Ryan Flynn Jr.
|
0-0: Called Strike 0-1: Ball 1-1: Ball 2-1: Fly out, F4 (Popup, 34D, EV 53.8 MPH)
|
|
Batting: RHB Miguel Gonzalez
|
0-0: Ball 1-0: Ball 2-0: Fly out, F9 (Flyball, 9D, EV 103.8 MPH)
|
|
Batting: RHB Will Leslie
|
0-0: Foul Ball, location: 2F 0-1: Ball 1-1: TRIPLE (Flyball, 89XD, EV 89.4 MPH)
|
|
Batting: LHB Harris Vink
|
0-0: Ball 1-0: Ball 2-0: Ground out 4-3 (Groundball, 4, EV 91.2 MPH)
|
| Bottom of the 6th over - 0 runs, 1 hit, 0 errors, 1 left on base; Oakland 6 - Minnesota 1 |
| TOP OF THE 7TH |
|
Oakland Athletics batting - Pitching for Minnesota Twins : RHP Andrew Kindig
|
|
Batting: LHB Juan Concepcion
|
0-0: Foul Ball, location: 2F 0-1: Foul Ball, location: 2F 0-2: Ball 1-2: Strikes out looking
|
|
Batting: SHB Quincy Bradford
|
0-0: Ball 1-0: Ball 2-0: Swinging Strike 2-1: SOLO HOME RUN (Flyball, 89XD, EV 101.2 MPH), Distance : 404 ft
|
|
Batting: LHB R.J. O'Brien
|
0-0: Called Strike 0-1: SINGLE (Groundball, 56S, EV 70.6 MPH) (infield hit)
|
|
Batting: LHB Jeff Luvisi
|
0-0: Swinging Strike 0-1: Ball 1-1: Foul Ball, location: 2F 1-2: Grounds into double play, 4-6-3 (Groundball, 4, EV 83.1 MPH)
|
| Top of the 7th over - 1 run, 2 hits, 0 errors, 0 left on base; Oakland 7 - Minnesota 1 |
| BOTTOM OF THE 7TH |
|
Minnesota Twins batting - Pitching for Oakland Athletics : RHP Melvin Medellin
|
|
Batting: LHB Ricardo Batista
|
0-0: Ground out 1-3 (Groundball, 13, EV 68.8 MPH)
|
|
Batting: RHB Matt Dunn
|
0-0: Ball 1-0: Foul Ball, location: 2F 1-1: Ball 2-1: Fly out, F9 (Flyball, 9S, EV 92.5 MPH)
|
|
Batting: RHB John Creel
|
0-0: Ground out 1-3 (Groundball, 34S, EV 67.5 MPH)
|
| Bottom of the 7th over - 0 runs, 0 hits, 0 errors, 0 left on base; Oakland 7 - Minnesota 1 |
| TOP OF THE 8TH |
|
Oakland Athletics batting - Pitching for Minnesota Twins : RHP Andrew Kindig
|
|
Batting: LHB Al Hernandez
|
0-0: Swinging Strike 0-1: Ball 1-1: Called Strike 1-2: Strikes out looking
|
|
Batting: RHB Randy Shrewsbury
|
0-0: DOUBLE (Line Drive, 89D, EV 112.5 MPH)
|
|
Pitching: LHP Inkei Wakamatsu
|
|
|
Batting: LHB Tom Butterbaugh
|
0-0: Called Strike 0-1: Called Strike 0-2: Foul Ball, location: 2F 0-2: SINGLE (Line Drive, 89S, EV 94.4 MPH) Randy Shrewsbury to third Runner from 3rd tries for Home, SAFE, throw by RF to home Tom Butterbaugh to second
|
|
Batting: RHB Muneo Kawachi
|
0-0: Called Strike 0-1: Foul Ball, location: 2F 0-2: Ball 1-2: Ball 2-2: SINGLE (Line Drive, 89S, EV 96.9 MPH) Tom Butterbaugh to third Runner from 3rd tries for Home, SAFE, throw by RF to home
|
|
Batting: LHB Bob Branham
|
0-0: Called Strike 0-1: Swinging Strike 0-2: Ball 1-2: Foul Ball, location: 2F 1-2: Foul Ball, location: 2F 1-2: Ball 2-2: Foul Ball, location: 2F 2-2: Foul Ball, location: 2F 2-2: Grounds into double play, 4-6-3 (Groundball, 4, EV 88.8 MPH)
|
| Top of the 8th over - 2 runs, 3 hits, 0 errors, 0 left on base; Oakland 9 - Minnesota 1 |
| BOTTOM OF THE 8TH |
|
Minnesota Twins batting - Pitching for Oakland Athletics : RHP Melvin Medellin
|
|
Batting: RHB Greg Harman
|
0-0: Called Strike 0-1: Foul Ball, location: 2F 0-2: Foul Ball, location: 2F 0-2: Strikes out swinging
|
|
Batting: LHB Per Meulengracht
|
0-0: Ground out 4-3 (Groundball, 4, EV 90.0 MPH)
|
|
Batting: LHB Ryan Flynn Jr.
|
0-0: Ground out 4-3 (Groundball, 13, EV 90.0 MPH)
|
| Bottom of the 8th over - 0 runs, 0 hits, 0 errors, 0 left on base; Oakland 9 - Minnesota 1 |
| TOP OF THE 9TH |
|
Oakland Athletics batting - Pitching for Minnesota Twins : LHP Inkei Wakamatsu
|
|
Batting: LHB Juan Concepcion
|
0-0: Called Strike 0-1: Ball 1-1: Swinging Strike 1-2: Strikes out swinging
|
|
Pinch Hitting: SHB Ryan Langlois
|
0-0: Reached on error, E5 (Groundball, 56S, EV 88.8 MPH)
|
|
Batting: LHB R.J. O'Brien
|
0-0: Ball 1-0: Called Strike 1-1: Swinging Strike 1-2: Ball 2-2: Fielders Choice at 2nd, 1-6 (Groundball, 13S, EV 67.5 MPH)
|
|
Batting: LHB Jeff Luvisi
|
0-0: Fielders Choice at 2nd, 6-4 (Groundball, 6, EV 96.2 MPH)
|
| Top of the 9th over - 0 runs, 0 hits, 1 error, 1 left on base; Oakland 9 - Minnesota 1 |
| BOTTOM OF THE 9TH |
|
Minnesota Twins batting - Pitching for Oakland Athletics : RHP Melvin Medellin
|
|
Pitching: LHP David James
|
|
|
Now at SS: Ryan Langlois
|
|
|
Pinch Hitting: RHB Alex Sandoval
|
0-0: Ball 1-0: Ball 2-0: Swinging Strike 2-1: Fly out, F8 (Flyball, 89M, EV 88.8 MPH)
|
|
Batting: RHB Will Leslie
|
0-0: Ball 1-0: Called Strike 1-1: Fly out, F4 (Popup, 4, EV 73.1 MPH)
|
|
Batting: LHB Harris Vink
|
0-0: Called Strike 0-1: Ball 1-1: Ball 2-1: Ball 3-1: Called Strike 3-2: Base on Balls
|
|
Batting: LHB Ricardo Batista
|
0-0: SINGLE (Flyball, 78S, EV 85.0 MPH) Harris Vink to second
|
|
Batting: RHB Matt Dunn
|
0-0: Ball 1-0: Ground out 5-3 (Groundball, 5S, EV 90.6 MPH)
|
| Bottom of the 9th over - 0 runs, 1 hit, 0 errors, 2 left on base; Oakland 9 - Minnesota 1 |
|